AoeStats
← rcknr

Arena

508946341Analyzed
2v2 RM · 6d ago on Sep 24, 2026· 52m 52s· 4 players
Game mode
Random Map
Map size
Medium (4 player)
Population
200
Speed
Normal
Resources
Standard
Victory
Conquest
Starting age
Dark Age
Ending age
Imperial Age
RankedLock teamsTeams togetherTeam positionsShared explorationLock speedFull tech treeHidden civsTurbo modeCheats
Victory
Defeat
🇪🇸 Burgundians · Spain
886
+19
🇫🇷 Cumans · France
879
+19
🇩🇪 Britons · Germany
1000
-71
🇩🇪 Ethiopians · Germany
886
-30
paujou92
6:03 Double-Bit Axe
9:22 Wheelbarrow
11:58 Feudal Age
10:59 Horse Collar
11:13 Gold Mining
14:20 Stone Mining
18:24 Castle Age
17:16 Scale Barding Armor
17:44 Forging
18:22 Gold Shaft Mining
18:06 Forging
22:11 Loom
23:12 Fletching
24:25 Burgundian Vineyards
26:19 Husbandry
32:50 Imperial Age
32:16 Hand Cart
32:21 Bodkin Arrow
34:24 Bow Saw
38:28 Conscription
38:22 Heavy Plow
39:27 Two-Man Saw
40:27 Chain Barding Armor
40:42 Ballistics
40:35 Masonry
43:11 Crop Rotation
42:29 Town Watch
43:48 Chemistry
42:34 Arrowslits
43:21 Architecture
42:47 Murder Holes
44:32 Elite Coustillier
46:05 Plate Barding Armor
46:06 Iron Casting
45:31 Bracer
47:00 Stone Shaft Mining
49:28 Blast Furnace
51:05 Padded Archer Armor
bravogino434
2:33 Loom
11:06 Feudal Age
12:10 Double-Bit Axe
21:14 Horse Collar
25:38 Fletching
25:59 Forging
35:39 Castle Age
36:26 Bodkin Arrow
40:50 Elite Skirmisher
46:01 Bow Saw
51:41 Capped Ram
rcknr
10:49 Feudal Age
12:42 Horse Collar
15:34 Castle Age
13:47 Double-Bit Axe
17:12 Loom
16:52 Crossbowman
19:06 Wheelbarrow
19:08 Fletching
23:45 Padded Archer Armor
25:45 Wheelbarrow
27:32 Hand Cart
28:37 Thumb Ring
29:52 Bow Saw
31:34 Gold Mining
32:21 Ballistics
32:08 Town Watch
32:30 Heavy Plow
33:05 Bodkin Arrow
33:26 Leather Archer Armor
37:23 Imperial Age
36:53 Gold Shaft Mining
36:44 Masonry
36:40 Murder Holes
38:34 Siege Engineers
40:55 Chemistry
41:42 Two-Man Saw
40:23 Halberdier
41:17 Forging
41:10 Scale Mail Armor
41:04 Arbalester
41:49 Squires
43:25 Conscription
44:47 Iron Casting
45:31 Bracer
45:48 Chain Mail Armor
46:34 Blast Furnace
46:05 Ring Archer Armor
felix.bartesch
11:03 Feudal Age
9:33 Loom
13:50 Wheelbarrow
15:04 Double-Bit Axe
15:02 Horse Collar
18:33 Man-at-Arms
19:01 Arson
21:44 Castle Age
19:52 Gold Mining
24:04 Bow Saw
24:22 Husbandry
24:43 Pikeman
25:24 Squires
37:52 Forging
37:43 Scale Mail Armor
37:33 Fletching
Connection lost

Rejoining the realm…

Still unreachable

The connection could not be restored.

Session expired

The server has moved on; the page needs a fresh start.